| TOP OF THE 1ST |
|
Louisiana State University Tigers batting - Pitching for University of Southern California Trojans : RHP Danny Coronado
|
|
Pitching: RHP Danny Coronado
|
|
|
Batting: RHB Winston Vasquez
|
0-0: Ball 1-0: Called Strike 1-1: Ball 2-1: SINGLE (Line Drive, 7LS, EV 100.6 MPH)
|
|
Batting: RHB Alfredo Padilla
|
0-0: Ball Winston Vasquez steals 2nd base 1-0: Called Strike 1-1: Foul Ball, location: 2F 1-2: Strikes out swinging
|
|
Batting: LHB Matt Ellington
|
0-0: Foul Ball, location: 2F 0-1: Called Strike 0-2: Strikes out looking
|
|
Batting: RHB Keith Ashton
|
0-0: Fly out, F4 (Popup, 4, EV 73.8 MPH)
|
| Top of the 1st over - 0 runs, 1 hit, 0 errors, 1 left on base; Louisiana State University 0 - University of Southern California 0 |
| BOTTOM OF THE 1ST |
|
University of Southern California Trojans batting - Pitching for Louisiana State University Tigers : RHP Mike Moore
|
|
Pitching: RHP Mike Moore
|
|
|
Batting: LHB Alonzo Catalan
|
0-0: Ball 1-0: Called Strike 1-1: Fly out, F6 (Popup, 15S, EV 90.6 MPH)
|
|
Batting: RHB Liangde Zhou
|
0-0: Foul Ball, location: 2F 0-1: TRIPLE (Line Drive, 7LD, EV 110.0 MPH)
|
|
Batting: RHB John Sandberg
|
0-0: Ball 1-0: Foul Ball, location: 2F 1-1: Called Strike 1-2: Ball 2-2: Foul Ball, location: 2F 2-2: Foul Ball, location: 2F 2-2: Fly out, F8 (Flyball, 8LD, EV 87.5 MPH) Runner from 3rd tags up, SCORES, no throw by CF
|
|
Batting: LHB Eli Evenson
|
0-0: Ball 1-0: SINGLE (Flyball, 89S, EV 86.2 MPH)
|
|
Batting: RHB Rick Acevedo
|
0-0: Ball 1-0: Fielders Choice at 2nd, 6-4 (Groundball, 6, EV 90.0 MPH)
|
| Bottom of the 1st over - 1 run, 2 hits, 0 errors, 1 left on base; Louisiana State University 0 - University of Southern California 1 |
| TOP OF THE 2ND |
|
Louisiana State University Tigers batting - Pitching for University of Southern California Trojans : RHP Danny Coronado
|
|
Batting: LHB Manny Grado
|
0-0: Ball 1-0: Foul Ball, location: 2F 1-1: Fly out, F8 (Flyball, 78M, EV 90.6 MPH)
|
|
Batting: SHB Brian Caruso
|
0-0: Foul Ball, location: 2F 0-1: Ground out 4-3 (Groundball, 4, EV 81.2 MPH)
|
|
Batting: LHB Jon Valdez
|
0-0: Ball 1-0: Called Strike 1-1: Ball 2-1: Ball 3-1: Called Strike 3-2: SOLO HOME RUN (Flyball, 9D, EV 100.6 MPH), Distance : 384 ft
|
|
Batting: RHB Zachary Acker
|
0-0: Foul Ball, location: 2F 0-1: Called Strike 0-2: Strikes out swinging
|
| Top of the 2nd over - 1 run, 1 hit, 0 errors, 0 left on base; Louisiana State University 1 - University of Southern California 1 |
| BOTTOM OF THE 2ND |
|
University of Southern California Trojans batting - Pitching for Louisiana State University Tigers : RHP Mike Moore
|
|
Batting: LHB Roger Kean
|
0-0: Called Strike 0-1: Called Strike 0-2: Ball 1-2: Strikes out swinging
|
|
Batting: RHB Tri Kartini
|
0-0: Called Strike 0-1: Ball 1-1: Fly out, F7 (Line Drive, 7, EV 88.8 MPH)
|
|
Batting: RHB Jochen Schanz
|
0-0: Called Strike 0-1: Ball 1-1: Swinging Strike 1-2: Ball 2-2: Foul Ball, location: 2F 2-2: Strikes out swinging
|
| Bottom of the 2nd over - 0 runs, 0 hits, 0 errors, 0 left on base; Louisiana State University 1 - University of Southern California 1 |
| TOP OF THE 3RD |
|
Louisiana State University Tigers batting - Pitching for University of Southern California Trojans : RHP Danny Coronado
|
|
Batting: RHB Michael Maier
|
0-0: Ground out 6-3 (Groundball, 6M, EV 82.5 MPH)
|
|
Batting: RHB Winston Vasquez
|
0-0: Swinging Strike 0-1: Ground out 4-3 (Groundball, 4, EV 86.9 MPH)
|
|
Batting: RHB Alfredo Padilla
|
0-0: Swinging Strike 0-1: Ball 1-1: Ball 2-1: Ball 3-1: Called Strike 3-2: Fly out, F9 (Flyball, 9, EV 88.1 MPH)
|
| Top of the 3rd over - 0 runs, 0 hits, 0 errors, 0 left on base; Louisiana State University 1 - University of Southern California 1 |
| BOTTOM OF THE 3RD |
|
University of Southern California Trojans batting - Pitching for Louisiana State University Tigers : RHP Mike Moore
|
|
Batting: RHB Bobby Basoco
|
0-0: Called Strike 0-1: Foul Ball, location: 2F 0-2: Ball 1-2: Ball 2-2: Ball 3-2: SINGLE (Groundball, 6MD, EV 107.5 MPH)
|
|
Batting: LHB Alonzo Catalan
|
0-0: Ball 1-0: Ball 2-0: Called Strike 2-1: Foul Ball, location: 2F 2-2: Ball 3-2: Strikes out swinging
|
|
Batting: RHB Liangde Zhou
|
0-0: Called Strike 0-1: Ball 1-1: Swinging Strike 1-2: Ball 2-2: Ball 3-2: Base on Balls Bobby Basoco to second
|
|
Batting: RHB John Sandberg
|
0-0: Foul Ball, location: 2F 0-1: Swinging Strike 0-2: Ball 1-2: Ball 2-2: Ball Wild Pitch! Bobby Basoco to third Liangde Zhou to second 3-2: Foul Ball, location: 2F 3-2: Foul Ball, location: 2F 3-2: Foul Ball, location: 2F 3-2: DOUBLE (Line Drive, 7LS, EV 104.4 MPH) Bobby Basoco scores Liangde Zhou scores
|
|
Batting: LHB Eli Evenson
|
0-0: Called Strike 0-1: Ball 1-1: Foul Ball, location: 2F 1-2: Ball 2-2: SINGLE (Groundball, 4MD, EV 97.5 MPH) John Sandberg to third Runner from 3rd tries for Home, throw by CF and OUT! 8-2
|
|
Batting: RHB Rick Acevedo
|
0-0: Ball 1-0: Ground out 4-3 (Groundball, 4M, EV 105.0 MPH)
|
| Bottom of the 3rd over - 2 runs, 3 hits, 0 errors, 1 left on base; Louisiana State University 1 - University of Southern California 3 |
| TOP OF THE 4TH |
|
Louisiana State University Tigers batting - Pitching for University of Southern California Trojans : RHP Danny Coronado
|
|
Batting: LHB Matt Ellington
|
0-0: Ball 1-0: Called Strike 1-1: Swinging Strike 1-2: Ball 2-2: Ball 3-2: Ground out 5-3 (Groundball, 5S, EV 70.6 MPH)
|
|
Batting: RHB Keith Ashton
|
0-0: Ball 1-0: Reached on error, E6 (Groundball, 6, EV 80.0 MPH)
|
|
Batting: LHB Manny Grado
|
0-0: Called Strike 0-1: Ball 1-1: Foul Ball, location: 2F 1-2: Ball 2-2: Ball 3-2: Fly out, F5 (Popup, 5F, EV 77.5 MPH)
|
|
Batting: SHB Brian Caruso
|
0-0: Fly out, F8 (Line Drive, 8RM, EV 102.5 MPH)
|
| Top of the 4th over - 0 runs, 0 hits, 1 error, 1 left on base; Louisiana State University 1 - University of Southern California 3 |
| BOTTOM OF THE 4TH |
|
University of Southern California Trojans batting - Pitching for Louisiana State University Tigers : RHP Mike Moore
|
|
Batting: LHB Roger Kean
|
0-0: Called Strike 0-1: Ball 1-1: Ball 2-1: Called Strike 2-2: Strikes out swinging
|
|
Batting: RHB Tri Kartini
|
0-0: Called Strike 0-1: Foul Ball, location: 2F 0-2: Ball 1-2: Foul Ball, location: 2F 1-2: Ground out 4-3 (Groundball, 4MD, EV 83.1 MPH)
|
|
Pitching: LHP Clyde Fisher
|
|
|
Batting: RHB Jochen Schanz
|
0-0: Ball 1-0: Foul Ball, location: 2F 1-1: Foul Ball, location: 2F 1-2: Ball 2-2: Ball 3-2: Strikes out swinging
|
| Bottom of the 4th over - 0 runs, 0 hits, 0 errors, 0 left on base; Louisiana State University 1 - University of Southern California 3 |
| TOP OF THE 5TH |
|
Louisiana State University Tigers batting - Pitching for University of Southern California Trojans : RHP Danny Coronado
|
|
Batting: LHB Jon Valdez
|
0-0: Ball 1-0: Foul Ball, location: 2F 1-1: Called Strike 1-2: Ball 2-2: Ball 3-2: Ground out U3 (Groundball, 34, EV 103.1 MPH)
|
|
Batting: RHB Zachary Acker
|
0-0: Ball 1-0: Called Strike 1-1: Fly out, F9 (Flyball, 89D, EV 98.1 MPH)
|
|
Batting: RHB Michael Maier
|
0-0: SINGLE (Groundball, 4, EV 97.5 MPH)
|
|
Batting: RHB Winston Vasquez
|
0-0: Called Strike Michael Maier steals 2nd base 0-1: Fly out, F8 (Flyball, 8RD, EV 91.9 MPH)
|
| Top of the 5th over - 0 runs, 1 hit, 0 errors, 1 left on base; Louisiana State University 1 - University of Southern California 3 |
| BOTTOM OF THE 5TH |
|
University of Southern California Trojans batting - Pitching for Louisiana State University Tigers : LHP Clyde Fisher
|
|
Batting: RHB Bobby Basoco
|
0-0: Called Strike 0-1: Foul Ball, location: 2F 0-2: Ball 1-2: Foul Ball, location: 2F 1-2: Strikes out looking
|
|
Batting: LHB Alonzo Catalan
|
0-0: Ball 1-0: Fly out, F8 (Flyball, 78D, EV 94.4 MPH)
|
|
Batting: RHB Liangde Zhou
|
0-0: Ball 1-0: Ground out 6-3 (Groundball, 6, EV 91.9 MPH)
|
| Bottom of the 5th over - 0 runs, 0 hits, 0 errors, 0 left on base; Louisiana State University 1 - University of Southern California 3 |
| TOP OF THE 6TH |
|
Louisiana State University Tigers batting - Pitching for University of Southern California Trojans : RHP Danny Coronado
|
|
Batting: RHB Alfredo Padilla
|
0-0: Ball 1-0: Foul Ball, location: 2F 1-1: Ball 2-1: Ball 3-1: Foul Ball, location: 2F 3-2: Foul Ball, location: 2F 3-2: Base on Balls
|
|
Batting: LHB Matt Ellington
|
0-0: Ball 1-0: 2-RUN HOME RUN (Flyball, 89XD, EV 108.1 MPH), Distance : 424 ft
|
|
Batting: RHB Keith Ashton
|
0-0: Hit by Pitch
|
|
Batting: LHB Manny Grado
|
0-0: Ball 1-0: Ball 2-0: Ball 3-0: Called Strike 3-1: Called Strike 3-2: Strikes out looking
|
|
Pitching: RHP Tom Applebee
|
|
|
Batting: SHB Brian Caruso
|
0-0: Ball Wild Pitch! Keith Ashton to second 1-0: Ball 2-0: Swinging Strike 2-1: Swinging Strike 2-2: Ground out 2-3 (Groundball, 13S, EV 66.2 MPH) Keith Ashton to third
|
|
Batting: LHB Jon Valdez
|
0-0: Foul Ball, location: 2F 0-1: Ball 1-1: Foul Ball, location: 2F 1-2: Ball 2-2: Foul Ball, location: 2F 2-2: 2-RUN HOME RUN (Flyball, 7D, EV 102.5 MPH), Distance : 421 ft
|
|
Batting: RHB Zachary Acker
|
0-0: Foul Ball, location: 2F 0-1: Swinging Strike 0-2: Foul Ball, location: 2F 0-2: Ball 1-2: Ball 2-2: Ball 3-2: SOLO HOME RUN (Flyball, 78XD, EV 116.2 MPH), Distance : 457 ft
|
|
Batting: RHB Michael Maier
|
0-0: Called Strike 0-1: Ball 1-1: Ball 2-1: Called Strike 2-2: Strikes out swinging
|
| Top of the 6th over - 5 runs, 3 hits, 0 errors, 0 left on base; Louisiana State University 6 - University of Southern California 3 |
| BOTTOM OF THE 6TH |
|
University of Southern California Trojans batting - Pitching for Louisiana State University Tigers : LHP Clyde Fisher
|
|
Batting: RHB John Sandberg
|
0-0: Foul Ball, location: 2F 0-1: Ground out 5-3 (Groundball, 56, EV 86.2 MPH)
|
|
Batting: LHB Eli Evenson
|
0-0: Called Strike 0-1: Fly out, F7 (Flyball, 7, EV 89.4 MPH)
|
|
Batting: RHB Rick Acevedo
|
0-0: Swinging Strike 0-1: Foul Ball, location: 2F 0-2: Foul Ball, location: 2F 0-2: Foul Ball, location: 2F 0-2: Ball 1-2: Foul Ball, location: 2F 1-2: Strikes out swinging
|
| Bottom of the 6th over - 0 runs, 0 hits, 0 errors, 0 left on base; Louisiana State University 6 - University of Southern California 3 |
| TOP OF THE 7TH |
|
Louisiana State University Tigers batting - Pitching for University of Southern California Trojans : RHP Tom Applebee
|
|
Pitching: RHP Abizar Djajadiningrat
|
|
|
Batting: RHB Winston Vasquez
|
0-0: Ball 1-0: Fly out, F7 (Line Drive, 78M, EV 91.2 MPH)
|
|
Batting: RHB Stewart Walker
|
0-0: Ball 1-0: Fly out, F7 (Line Drive, 7, EV 106.9 MPH)
|
|
Batting: LHB Matt Ellington
|
0-0: Called Strike 0-1: Called Strike 0-2: Ball 1-2: Ball 2-2: SOLO HOME RUN (Flyball, 9D, EV 95.6 MPH), Distance : 378 ft
|
|
Batting: RHB Keith Ashton
|
0-0: Swinging Strike 0-1: Foul Ball, location: 2F 0-2: Ball 1-2: Ball 2-2: Ball 3-2: Fly out, F8 (Flyball, 8LM, EV 93.8 MPH)
|
| Top of the 7th over - 1 run, 1 hit, 0 errors, 0 left on base; Louisiana State University 7 - University of Southern California 3 |
| BOTTOM OF THE 7TH |
|
University of Southern California Trojans batting - Pitching for Louisiana State University Tigers : LHP Clyde Fisher
|
|
Pitching: LHP Gianpaolo Capirossi
|
|
|
Batting: LHB Roger Kean
|
0-0: Ball 1-0: Ball 2-0: Ball 3-0: Called Strike 3-1: Swinging Strike 3-2: Strikes out looking
|
|
Batting: RHB Tri Kartini
|
0-0: Foul Ball, location: 2F 0-1: Ball 1-1: Ball 2-1: Called Strike 2-2: Foul Ball, location: 2F 2-2: Strikes out swinging
|
|
Batting: RHB Jochen Schanz
|
0-0: Ball 1-0: Called Strike 1-1: Called Strike 1-2: Ball 2-2: Strikes out looking
|
| Bottom of the 7th over - 0 runs, 0 hits, 0 errors, 0 left on base; Louisiana State University 7 - University of Southern California 3 |
| TOP OF THE 8TH |
|
Louisiana State University Tigers batting - Pitching for University of Southern California Trojans : RHP Abizar Djajadiningrat
|
|
Pitching: RHP Tyshawn Calvin
|
|
|
Batting: LHB Manny Grado
|
0-0: Ball 1-0: Foul Ball, location: 2F 1-1: Called Strike 1-2: Foul Ball, location: 2F 1-2: Fly out, F8 (Line Drive, 8RM, EV 93.8 MPH)
|
|
Batting: SHB Brian Caruso
|
0-0: Ball 1-0: Called Strike 1-1: Ball 2-1: Foul Ball, location: 2F 2-2: Strikes out swinging
|
|
Batting: LHB Jon Valdez
|
0-0: Ball 1-0: Called Strike 1-1: Ball 2-1: Foul Ball, location: 2F 2-2: Strikes out swinging
|
| Top of the 8th over - 0 runs, 0 hits, 0 errors, 0 left on base; Louisiana State University 7 - University of Southern California 3 |
| BOTTOM OF THE 8TH |
|
University of Southern California Trojans batting - Pitching for Louisiana State University Tigers : LHP Gianpaolo Capirossi
|
|
Pitching: RHP Luo-shan XĂș
|
|
|
Batting: RHB Bobby Basoco
|
0-0: Ball 1-0: Ball 2-0: Ball 3-0: Called Strike 3-1: Base on Balls
|
|
Batting: LHB Alonzo Catalan
|
0-0: Ball 1-0: Swinging Strike 1-1: Ball 2-1: Foul Ball, location: 2F 2-2: Strikes out swinging
|
|
Pinch Hitting: RHB Jim Baltazar
|
0-0: Ball 1-0: Ball 2-0: Ball 3-0: Foul Ball, location: 2F 3-1: Called Strike 3-2: Strikes out swinging
|
|
Batting: RHB John Sandberg
|
0-0: Called Strike 0-1: Ball 1-1: Hit by Pitch Bobby Basoco to second
|
|
Pitching: RHP Nick McCoy
|
|
|
Batting: LHB Eli Evenson
|
0-0: Called Strike 0-1: Ball 1-1: DOUBLE (Flyball, 89D, EV 108.1 MPH) Bobby Basoco scores John Sandberg to third Runner from 3rd tries for Home, throw by RF and OUT! 9-4-2
|
| Bottom of the 8th over - 1 run, 1 hit, 0 errors, 1 left on base; Louisiana State University 7 - University of Southern California 4 |
| TOP OF THE 9TH |
|
Louisiana State University Tigers batting - Pitching for University of Southern California Trojans : RHP Tyshawn Calvin
|
|
Now at 1B: Jim Baltazar
|
|
|
Batting: RHB Zachary Acker
|
0-0: Foul Ball, location: 2F 0-1: Ball 1-1: Ball 2-1: Swinging Strike 2-2: Ball 3-2: Ground out 6-3 (Groundball, P, EV 81.9 MPH)
|
|
Pinch Hitting: RHB D.J. Ganz
|
0-0: Called Strike 0-1: Ball 1-1: Foul Ball, location: 2F 1-2: Fly out, F3 (Popup, 3SF, EV 73.8 MPH)
|
|
Batting: RHB Winston Vasquez
|
0-0: Foul Ball, location: 2F 0-1: Foul Ball, location: 2F 0-2: Ball 1-2: Ball 2-2: Ground out 6-3 (Groundball, 6S, EV 71.2 MPH)
|
| Top of the 9th over - 0 runs, 0 hits, 0 errors, 0 left on base; Louisiana State University 7 - University of Southern California 4 |
| BOTTOM OF THE 9TH |
|
University of Southern California Trojans batting - Pitching for Louisiana State University Tigers : RHP Nick McCoy
|
|
Pitching: RHP Jeremy Kolb
|
|
|
Now at SS: Byung-hee Jee
|
|
|
Batting: RHB Rick Acevedo
|
0-0: Ball 1-0: Ball 2-0: Ball 3-0: Called Strike 3-1: Called Strike 3-2: Strikes out looking
|
|
Batting: LHB Roger Kean
|
0-0: Ball 1-0: Ball 2-0: Ground out 4-3 (Groundball, 4, EV 86.2 MPH)
|
|
Pinch Hitting: SHB George Hillock
|
0-0: Ball 1-0: Ball 2-0: Ball 3-0: Called Strike 3-1: Swinging Strike 3-2: Strikes out swinging
|
| Bottom of the 9th over - 0 runs, 0 hits, 0 errors, 0 left on base; Louisiana State University 7 - University of Southern California 4 |
|